 Dungeon Crawl Stone Soup version 0.27-a0-277-g024f7ef292 (webtiles) character file.

Game seed: 2687966632408685414

5714 scarywalker64 the Geomancer (level 10, -6/81 HPs)
             Began as a Demigod Earth Elementalist on Feb 7, 2021.
             Mangled by Erolcha
             ... wielding a +6 giant club
              (25 damage)
             ... on level 10 of the Dungeon.
             The game lasted 00:28:15 (12484 turns).

scarywalker64 the Geomancer (DgEE)                 Turns: 12484, Time: 00:28:16

Health: -6/81      AC:  6    Str: 21    XL:     10   Next: 24%
Magic:  14/25      EV: 12    Int: 21    God:
Gold:   129        SH: 10    Dex: 16    Spells: 10/24 levels left

rFire    . . .     SeeInvis .   E - +2 scimitar (flame)
rCold    . . .     Faith    .   y - +0 kite shield
rNeg     . . .     Spirit   .   B - +0 steam dragon scales
rPois    .         Reflect  .   (no helmet)
rElec    .         Harm     .   (no cloak)
rCorr    .         Rampage  .   (no gloves)
Will     +....                  D - +0 pair of boots
Stlth    ++........             H - amulet of regeneration
HPRegen  0.63/turn              i - +6 ring of strength
MPRegen  0.19/turn              v - +4 ring of slaying

@: lethally poisoned (-6 -> -15)
A: high mp 1
a: no special abilities


You were on level 10 of the Dungeon.
You visited 3 branches of the dungeon, and saw 12 of its levels.
You also visited: Sewer and Ossuary.

You collected 519 gold pieces.
You spent 390 gold pieces at shops.

Inventory:

Hand Weapons
 t - a +0 fustibalus
 E - a +2 scimitar of flaming (weapon)
Missiles
 f - 34 stones
 o - 127 bolts
 u - 108 sling bullets
Armour
 y - a +0 kite shield (worn)
 B - +0 steam dragon scales (worn)
 D - a +0 pair of boots (worn)
 J - a +1 tower shield of cold resistance
Jewellery
 i - a +6 ring of strength (left hand)
 k - an uncursed ring of protection from fire
 v - a +4 ring of slaying (right hand)
 A - a +6 ring of intelligence
 H - an amulet of regeneration (around neck)
Wands
 r - a wand of flame (28)
 s - a wand of iceblast (12)
 G - a wand of charming (9)
Scrolls
 a - 10 scrolls of remove curse
 c - a scroll of fear {unknown}
 g - 5 scrolls of enchant weapon
 m - 3 scrolls of amnesia
 n - 3 scrolls of enchant armour
 w - 4 scrolls of teleportation
 C - 2 scrolls of blinking
 F - a scroll of magic mapping
Potions
 b - 5 potions of heal wounds
 d - 3 potions of berserk rage
 e - 8 potions of flight
 h - 11 potions of curing
 j - 2 potions of mutation
 l - a potion of haste
 p - 3 potions of lignification
 q - 2 potions of resistance
 x - 3 potions of ambrosia
 z - 2 potions of brilliance
 I - a potion of invisibility {unknown}


   Skills:
 * Level 5.2 Fighting
 + Level 2.9(3.3) Short Blades
 + Level 2.2(3.0) Long Blades
 + Level 3.8 Dodging
 - Level 2.0 Stealth
 * Level 5.2 Shields
 * Level 7.6 Spellcasting
 + Level 0.8 Transmutations
 * Level 8.0 Earth Magic


You had 10 spell levels left.
You knew the following spells:

 Your Spells              Type           Power        Failure   Level
a - Sandblast             Erth           82%          1%          1
b - Passwall              Tmut/Erth      21%          7%          2
c - Stone Arrow           Conj/Erth      48%          17%         3
d - Lee's Rapid Deconstr  Erth           20%          30%         5
e - Confusing Touch       Hex            8%           65%         3

Your spell library contained the following spells:

 Spells                   Type           Power        Failure   Level
 Beastly Appendage        Tmut           22%          21%         1
 Wereblood                Tmut           11%          30%         2
 Petrify                  Tmut/Erth      26%          43%         4
 Spider Form              Tmut/Pois      4%           58%         3
 Gell's Gravitas          Tloc           4%           65%         3
 Ice Form                 Ice/Tmut       9%           94%         4
 Blade Hands              Tmut           5%           99%         5
 Metabolic Englaciation   Hex/Ice        4%           100%        5
 Yara's Violent Unravell  Hex/Tmut       4%           100%        5


Dungeon Overview and Level Annotations

Branches:
Dungeon (10/15)            Temple (1/1) D:7            Lair (1/6) D:9
  Sewer (visited)         Ossuary (visited)
    Orc: D:9-12

Shops:
D:8 [((*(

Annotations:
D:10 Erolcha, Joseph


Innate Abilities, Weirdness & Mutations

You have an increased reservoir of magic. (+10% MP)


Message History

The blast of sand hits the worker ant zombie!
The worker ant zombie is severely damaged.
You feel sick. Something hits you!!
* * * LOW HITPOINT WARNING * * *
Casting: Sandblast (safe; 1% risk of failure)
Confirm with . or Enter, or press ? or * to list all spells.
Aiming: Sandblast (safe; 1% risk of failure)
Press: ? - help, Shift-Dir - straight line, f/p - worker ant zombie
Aim: a worker ant zombie (severely damaged, 6% to evade)
The blast of sand hits something!
You feel sick.
You hear some strange, mumbled words.
Something tries to affect you, but you resist.
Unknown command.
Casting: Sandblast (safe; 1% risk of failure)
Confirm with . or Enter, or press ? or * to list all spells.
Aiming: Sandblast (safe; 1% risk of failure)
Press: ? - help, Shift-Dir - straight line, f/p - worker ant zombie
Aim: a worker ant zombie (severely damaged, 6% to evade)
The blast of sand hits something!
You feel sick. Something hits you!!
You die...

#............#
#............#
#......$.....#
...........<.#
#............#
#............#
#.......Z....#
########{#####
##@# ####..#
#....##
###'######
#........#
#........#
#........#
#........#
######........#


You could see a worker ant zombie.

Vanquished Creatures
  Erica (D:7)
  Pikel (D:7)
  A troll (D:9)
  Sigmund (D:2)
  A steam dragon (D:7)
  A soldier ant (D:10)
  A water moccasin (D:8)
  2 sky beasts
  2 ice beasts
  3 ogres
  2 centaurs
  5 phantoms
  3 big kobolds
  2 lemures (D:7)
  A bullfrog (D:8)
  3 scorpions
  A water moccasin skeleton (D:7)
  10 killer bees
  3 wights (D:10)
  2 howler monkeys
  2 bullfrog zombies
  2 quasits (D:7)
  5 orc priests
  9 hounds
  A centaur skeleton (D:7)
  4 jellies
  3 iguanas
  5 worker ants
  9 orc wizards
  Terence (D:2)
  A killer bee zombie (D:6)
  A hound skeleton (D:4)
  A hound zombie (D:9)
  3 mummies (Ossuary)
  12 adders
  2 howler monkey skeletons
  8 river rats (Sewer)
  A shadow imp (D:8)
  2 white imps
  2 ufetubi (D:7)
  An ooze (D:5)
  3 adder zombies (Ossuary)
  3 worms
  3 dart slugs (D:1)
  3 leopard geckos
  20 orcs
  7 bats
  7 giant cockroaches
  6 goblins
  13 hobgoblins
  19 jackals
  32 kobolds
  2 quokkas
  7 ball pythons
  A ball python skeleton (D:4)
  6 frilled lizards
  A gnoll zombie (Ossuary)
  2 goblin zombies (Ossuary)
  3 hobgoblin zombies (Ossuary)
  A jackal skeleton (D:7)
  3 kobold zombies (Ossuary)
  2 quokka skeletons
  5 quokka zombies (Ossuary)
  20 rats
  A rat zombie (Ossuary)
291 creatures vanquished.

Vanquished Creatures (others)
  An orc priest (D:4)
  An orc (D:4)
  4 plants (D:5)
6 creatures vanquished.

Grand Total: 297 creatures vanquished

Notes
Turn   | Place    | Note
-------+----------+-------------------------------------------
     0 | D:1      | scarywalker64 the Demigod Earth Elementalist began the
                  | quest for the Orb.
     0 | D:1      | Reached XP level 1. HP: 14/14 MP: 5/5
   313 | D:1      | Reached XP level 2. HP: 21/22 MP: 2/7
   652 | D:1      | Reached skill level 3 in Earth Magic
   760 | D:1      | Reached skill level 1 in Fighting
   993 | D:1      | Reached XP level 3. HP: 28/28 MP: 3/8
  1833 | D:2      | Noticed Sigmund
  1838 | D:2      | Killed Sigmund
  1839 | D:2      | Reached skill level 1 in Shields
  1839 | D:2      | Reached XP level 4. HP: 36/36 MP: 5/11
  1839 | D:2      | Reached XP level 5. HP: 41/41 MP: 5/12
  1937 | D:2      | Noticed Terence
  1943 | D:2      | Killed Terence
  2311 | D:3      | Reached skill level 4 in Earth Magic
  2358 | D:3      | Found a glowing drain.
  2363 | Sewer    | Entered a sewer
  2915 | Sewer    | Reached XP level 6. HP: 48/48 MP: 6/14
  3568 | D:3      | Found a snail-covered altar of Cheibriados.
  4243 | D:3      | HP: 1/48 [big kobold/+2 dagger of venom (2)]
  4249 | D:3      | Reached skill level 1 in Short Blades
  4922 | D:4      | Reached XP level 7. HP: 49/56 MP: 10/16
  5111 | D:4      | Reached skill level 5 in Earth Magic
  5885 | D:5      | Entered Level 5 of the Dungeon
  6194 | D:5      | Found a sand-covered staircase.
  6203 | Ossuary  | Entered an ossuary
  6842 | D:5      | Learned a level 2 spell: Passwall
  6846 | D:5      | Learned a level 3 spell: Stone Arrow
  6852 | D:5      | Learned a level 5 spell: Lee's Rapid Deconstruction
  6856 | D:5      | Learned a level 3 spell: Confusing Touch
  6918 | D:5      | Reached skill level 5 in Spellcasting
  7675 | D:5      | Reached XP level 8. HP: 43/62 MP: 13/19
  8091 | D:6      | Reached skill level 6 in Earth Magic
  8451 | D:6      | Found an ornate altar of the Wu Jian Council.
  8453 | D:6      | Found a stormy altar of Qazlal.
  8453 | D:6      | Found an ancient bone altar of Kikubaaqudgha.
  8453 | D:6      | Found a broken altar of Ashenzari.
  8460 | D:6      | Found an iron altar of Okawaru.
  8465 | D:6      | Found a glowing golden altar of the Shining One.
  9009 | D:7      | Noticed Pikel
  9018 | D:7      | Killed Pikel
  9019 | D:7      | Reached skill level 7 in Earth Magic
  9019 | D:7      | Reached XP level 9. HP: 71/71 MP: 10/22
  9255 | D:7      | Found a staircase to the Ecumenical Temple.
  9278 | Temple   | Entered the Ecumenical Temple
 10100 | D:8      | Noticed Erica
 10175 | D:7      | Killed Erica
 10448 | D:8      | Found Ezupn's Assorted Antiques.
 10612 | D:8      | Found Wenn's Antique Weapon Boutique.
 10687 | D:8      | Found Ohonoyho's Weapon Shop.
 10832 | D:8      | Found Ununnyzeruas's Antique Armour Shop.
 10966 | D:8      | Found Ewousmoz's Antique Weapon Boutique.
 11080 | D:8      | Found a shadowy altar of Dithmenos.
 11222 | D:8      | Bought a pair of masterwork boots for 218 gold pieces
 11222 | D:8      | Bought a runed tower shield for 172 gold pieces
 11232 | D:8      | Identified the +2 pair of boots "Ighital" {Will- Dex+2
                  | Stlth+} (You bought it in a shop on level 8 of the Dungeon)
 11475 | D:9      | Reached skill level 1 in Long Blades
 11475 | D:9      | Reached XP level 10. HP: 62/80 MP: 25/25
 11508 | D:9      | Found a staircase to the Lair.
 11526 | Lair:1   | Entered Level 1 of the Lair of Beasts
 12016 | D:9      | Reached skill level 5 in Fighting
 12016 | D:9      | Reached skill level 5 in Shields
 12325 | D:10     | Entered Level 10 of the Dungeon
 12373 | D:10     | Reached skill level 8 in Earth Magic
 12411 | D:10     | Noticed Joseph
 12467 | D:10     | Noticed Erolcha
 12484 | D:10     | Mangled by Erolcha

Illustrated notes

Levels and vault maps discovered:
D:1:      mrwooster_arrival_statue_2, layout_loops_cross
D:2:      layout_loops_cross, uniq_terence, uniq_sigmund
D:3:      cheibrodos_thug_alley, layout_basic, old_standard_altar,
          portal_sewer_entry_e, minivault_26
D:4:      layout_rooms, lemuel_old_faithful
D:5:      wad_lake_hut, layout_rooms, enter_ossuary_1
D:6:      layout_basic, minmay_overflow_temple_hex
D:7:      layout_basic, minmay_temple_entry_tees, uniq_pikel
D:8:      layout_cave_pools, serial_shops, shop, shop, shop, kennysheep_mini,
          nicolae_shop_trees, grunt_dithmenos_shadows, uniq_erica
D:9:      minmay_razor_zed, layout_basic, minmay_misc_feat_alley
D:10:     layout_roguey, orc_0_dummy, gammafunk_ghost_stat_death, uniq_erolcha,
          uniq_joseph, uniq_maurice, uniq_sonja
Temple:   regret_index_temple_generic_petals
Lair:1:   layout_gridlike, gauntlet_entry_generic

Skill      XL: |  1  2  3  4  5  6  7  8  9 10 |
---------------+-------------------------------+-----
Spellcasting   | 2 3 4 5 6 7 |  7.6
Earth Magic    | 3 4 5 7 8 |  8.0
Fighting       | 1 2 3 4 5 |  5.2
Dodging        | 2 3 |  3.8
Stealth        | 2 |  2.0
Shields        | 1 2 3 4 5 |  5.2
Short Blades   | 1 2 |  2.9
Long Blades    | 1 2 |  2.2
Transmutations | |  0.8

Action                   |  1- 3 |  4- 6 |  7- 9 | 10-12 || total
-------------------------+-------+-------+-------+-------++-------
Melee: Unarmed           |    18 |       |       |       ||    18
       Short sword       |    18 |   102 |       |       ||   120
       Rapier            |       |       |   137 |       ||   137
       Scimitar          |       |       |    55 |    40 ||    95
 Cast: Sandblast         |    47 |   103 |   171 |    21 ||   342
       Stone Arrow       |       |       |     1 |       ||     1
  Use: Scroll            |       |     9 |    14 |     1 ||    24
       Potion            |       |     3 |     5 |       ||     8
 Stab: Sleeping          |     1 |     3 |     5 |       ||     9
       Distracted        |       |       |     1 |       ||     1
Armor: Robe              |     8 |    15 |    18 |       ||    41
       Steam dragon scal |       |       |    55 |     8 ||    63
       Skin              |       |       |    15 |       ||    15
Dodge: Dodged            |    52 |    76 |   176 |    36 ||   340
Block: Kite shield       |       |       |   149 |    23 ||   172
       Rpst.: Scimitar   |       |       |    22 |    15 ||    37

Table legend: (Time is in decaauts)
 A = Elapsed time spent in this place.
 B = Non-inter-level travel time spent in this place.
 C = Inter-level travel time spent in this place.
 D = Time resting spent in this place.
 E = Time spent auto-exploring this place.
 F = Levels seen in this place.
 G = Mean time per level.
                   A        B        C        D        E       F      G
               +--------+--------+--------+--------+--------+-----+--------+
         Total |  12667 |  12085 |    582 |   1725 |   8229 |  14 |  904.8 |
       Dungeon |  10965 |  10412 |    553 |   1467 |   7075 |  10 | 1096.5 |
        Temple |    300 |    271 |     29 |      0 |    270 |   1 |  300.0 |
          Lair |      2 |      2 |      0 |      0 |      0 |   1 |    2.0 |
         Sewer |   1101 |   1101 |      0 |    258 |    649 |   1 | 1101.0 |
       Ossuary |    297 |    297 |      0 |      0 |    235 |   1 |  297.0 |
               +--------+--------+--------+--------+--------+-----+--------+

Top non-repeatable levels by time:
     D:3: 1718 daAuts
     D:1: 1538 daAuts
     D:5: 1425 daAuts
     D:7: 1213 daAuts
     D:6: 1147 daAuts
   Sewer: 1101 daAuts
     D:9: 1073 daAuts
     D:4: 1026 daAuts
     D:8: 944 daAuts
     D:2: 716 daAuts
  Temple: 300 daAuts
 Ossuary: 297 daAuts
    D:10: 160 daAuts
  Lair:1: 2 daAuts
